 Dungeon Crawl Stone Soup version 0.22-a0-614-g34fbaa0 (webtiles) character file.

67 tevo3000 the Chopper (level 4, 0/41 HPs)
             Began as a Hill Orc Monk on July 16, 2018.
             Was a Believer of Qazlal.
             Slain by Crazy Yiuf
             ... wielding a +4 quarterstaff of chaos
              (6 damage)
             ... on level 2 of the Dungeon.
             The game lasted 00:04:17 (2276 turns).

tevo3000 the Chopper (Hill Orc Monk)                Turns: 2276, Time: 00:04:18

Health: 0/41       AC:  2    Str: 14    XL:     4   Next: 18%
Magic:  4/4        EV: 13    Int: 10    God:    Qazlal [**....]
Gold:   64         SH:  2    Dex: 13    Spells: 3/3 levels left

rFire    . . .     SeeInvis .   a - +0 hand axe
rCold    . . .     Gourm    .   (no shield)
rNeg     . . .     Faith    .   b - +0 robe
rPois    .         Spirit   .   (no helmet)
rElec    .         Reflect  .   (no cloak)
rCorr    .         Harm     .   (no gloves)
MR       .....                  (no boots)
Stlth    ++........             (no amulet)
HPRegen  0.13/turn              (no ring)
MPRegen  0.09/turn              (no ring)

@: no status effects
A: no striking features
a: Upheaval, Renounce Religion


You were on level 2 of the Dungeon.
You worshipped Qazlal.
Qazlal was pleased with you.
You were very hungry.

You visited 1 branch of the dungeon, and saw 2 of its levels.

You collected 64 gold pieces.

Inventory:

Hand Weapons
 a - a +0 hand axe (weapon)
Armour
 b - a +0 robe (worn)
Scrolls
 f - 2 scrolls of remove curse {unknown}
 g - a scroll of enchant weapon {unknown}
Potions
 d - a potion of mutation {unknown}
 e - a potion of brilliance {unknown}
Comestibles
 c - 3 rations


   Skills:
 + Level 4.5 Fighting
 * Level 5.8 Axes
 - Level 2.4 Dodging
 - Level 1.5 Stealth


You had 3 spell levels left.
You didn't know any spells.
Your spell library was empty.

Dungeon Overview and Level Annotations

Branches:
Dungeon (2/15)

Altars:
Qazlal
Vehumet

Annotations:
D:2 Crazy Yiuf


Message History

Crazy Yiuf is severely wounded.
Crazy Yiuf hits you with a quarterstaff of chaos.
Crazy Yiuf freezes you.
You hit Crazy Yiuf but do no damage.
Crazy Yiuf is severely wounded.
You block Crazy Yiuf's attack.
You are feeling very hungry.
You hit Crazy Yiuf but do no damage.
Crazy Yiuf is severely wounded.
Crazy Yiuf drinks a potion.
Crazy Yiuf is healed!
You hit Crazy Yiuf.
Crazy Yiuf is lightly wounded.
Crazy Yiuf hits you with a quarterstaff of chaos!
Crazy Yiuf burns you.
You completely miss Crazy Yiuf.
Crazy Yiuf is lightly wounded.
Crazy Yiuf hits you with a quarterstaff of chaos!
* * * LOW HITPOINT WARNING * * *
Crazy Yiuf freezes you.
You die...

#####
#.#.#.#.#####.##.#
##.#.#..........#.#
#....###.#####..#.#
###### ### #.....
####.##.# #.....#.#
### ♣♣########.#
#)..#♣♣ ♣♣....##....#
#...g@♣♣♣♣......#.####
#...#♣..♣.......#.##..
### ♣♣♣.♣......#.##..
♣♣♣♣♣##..#.##..
#..#.##..
#######..#.####
#....'.........
######...#.####
#.......(......


You could see Crazy Yiuf.

Vanquished Creatures
  2 adders (D:2)
  A worm (D:2)
  3 dart slugs
  2 leopard geckos
  4 giant cockroaches
  4 goblins
  9 jackals
  A kobold (D:1)
  A quokka (D:2)
  5 bats
  3 frilled lizards
  A rat (D:2)
36 creatures vanquished.

Vanquished Creatures (others)
  4 toadstools (D:1)
4 creatures vanquished.

Grand Total: 40 creatures vanquished

Notes
Turn   | Place    | Note
-------+----------+-------------------------------------------
     0 | D:1      | tevo3000 the Hill Orc Monk began the quest for the Orb.
     0 | D:1      | Reached XP level 1. HP: 19/19 MP: 1/1
   403 | D:1      | Reached XP level 2. HP: 27/27 MP: 2/2
   883 | D:2      | Reached skill level 5 in Axes
   902 | D:2      | Reached XP level 3. HP: 19/33 MP: 3/3
  1582 | D:2      | Found a radiant altar of Vehumet.
  1676 | D:2      | Found a stormy altar of Qazlal.
  1689 | D:2      | Became a worshipper of Qazlal Stormbringer
  1689 | D:2      | Reached * piety under Qazlal
  1689 | D:2      | Reached ** piety under Qazlal
  1705 | D:2      | Reached XP level 4. HP: 34/41 MP: 4/4
  2163 | D:2      | Found a runed door.
  2269 | D:2      | Noticed Crazy Yiuf
  2276 | D:2      | Slain by Crazy Yiuf

Vault maps used:
D:1:      ldierk_water_garden, nrook_uturn
D:2:      grunt_qazlal_sundering, vehumet_crystals, first_ration,
          uniq_crazy_yiuf_cottage

Skill      XL: |  1  2 |
---------------+-------+-----
Fighting       | 4 |  4.5
Axes           | 5 |  5.8
Dodging        | |  2.4
Stealth        | |  1.5

Action                   |  1- 3 |  4- 6 || total
-------------------------+-------+-------++-------
Melee: Hand axe          |   125 |    34 ||   159
 Stab: Sleeping          |     7 |       ||     7
  Eat: Ration            |     1 |       ||     1
Armor: Robe              |    21 |     2 ||    23
Dodge: Dodged            |    92 |    13 ||   105
Block: Other             |     1 |     2 ||     3

Table legend:
 A = Spawn XP
 B = Non-spawn XP
 C = Spawn XP percentage of total XP
 D = Spawn monster count
 E = Non-spawn monster count
 F = Spawn count percentage of total count
 G = Total turns spent on level
                    A         B        C        D         E        F      G
               +---------+---------+-------+---------+---------+-------+---------
         Total |       0 |      97 |   0.0 |       0 |      36 |   0.0 |  2276
               +---------+---------+-------+---------+---------+-------+---------
           D:1 |       0 |      30 |   0.0 |       0 |      15 |   0.0 |   875
           D:2 |       0 |      67 |   0.0 |       0 |      21 |   0.0 |  1401
               +---------+---------+-------+---------+---------+-------+---------
